 Dungeon Crawl Stone Soup version 0.27-a0-681-g0c81a3c1c3 (webtiles) character file.

Game seed: 9487890851740019731

9446 jasper the Martial Artist (level 11, -19/86 HPs)
             Began as a Demonspawn Transmuter on Mar 19, 2021.
             Was a Priest of Makhleb.
             Demolished by a komodo dragon (23 damage)
             ... on level 11 of the Dungeon.
             The game lasted 00:20:54 (15254 turns).

jasper the Martial Artist (Demonspawn Transmuter)  Turns: 15254, Time: 00:20:55

Health: -19/86     AC:  1    Str:  6    XL:     11   Next: 23%
Magic:  17/17      EV: 16    Int: 19    God:    Makhleb [***...]
Gold:   513        SH:  0    Dex: 17    Spells: 6/16 levels left

rFire    . . .     SeeInvis .     - Unarmed
rCold    + . .     Faith    .   (no shield)
rNeg     . . .     Spirit   .   q - +1 robe "Qupsil" {Will++ Str-4 Dex+4}
rPois    +         Reflect  .   (no helmet)
rElec    +         Harm     .   (no cloak)
rCorr    .         Rampage  .   (no gloves)
Will     ++...                  (boots unavailable)
Stlth    ++........             (no amulet)
HPRegen  0.24/turn              g - +4 ring of protection
MPRegen  0.15/turn              h - ring "Doshre" {rElec rPois rC+ Slay+3}

@: corroded, invisible
A: talons 3, yellow scales 1, foul stench 2, powered by pain 2
a: Renounce Religion, Minor Destruction, Lesser Servant of Makhleb


You were on level 11 of the Dungeon.
You worshipped Makhleb.
Makhleb was most pleased with you.
You visited 2 branches of the dungeon, and saw 12 of its levels.
You also visited: Sewer.

You collected 513 gold pieces.

Inventory:

Missiles
 d - 296 stones (quivered)
 p - 23 poisoned darts
 v - 6 throwing nets
Armour
 a - a +0 robe
 c - a +1 leather armour
 n - a +0 buckler
 q - the +1 robe "Qupsil" (worn) {Will++ Str-4 Dex+4}
   (You found it on level 4 of the Dungeon)

   It affects your strength (-4).
   It affects your dexterity (+4).
   It affects your willpower, your defense against some magical effects.
 t - a +0 pair of boots
Jewellery
 g - a +4 ring of protection (right hand)
 h - the ring "Doshre" (left hand) {rElec rPois rC+ Slay+3}
   (You acquired it on level 6 of the Dungeon)

   [ring of poison resistance]

   It affects your accuracy and damage with ranged weapons and melee attacks
   (+3).
   It protects you from cold.
   It insulates you from electricity.
   It protects you from poison.
 j - a +4 ring of protection
 l - a +4 ring of evasion
Wands
 w - a wand of random effects (11)
 x - a wand of polymorph (16)
 C - a wand of acid (7)
Scrolls
 e - 3 scrolls of teleportation
 m - a scroll of magic mapping
 o - 3 scrolls of fog
Potions
 b - 2 potions of might
 f - 8 potions of curing
 i - 2 potions of haste
 k - a potion of ambrosia
 r - 2 potions of degeneration
 u - a potion of mutation
 z - 2 potions of flight
 A - a potion of attraction
 B - a potion of magic {unknown}


   Skills:
 + Level 8.1 Fighting
 - Level 7.2 Dodging
 - Level 10.0 Unarmed Combat
 - Level 3.0 Spellcasting
 * Level 6.5 Transmutations
 * Level 2.2 Ice Magic
 - Level 3.0 Poison Magic
 - Level 8.6 Invocations


You had 6 spell levels left.
You knew the following spells:

 Your Spells              Type           Power      Damage    Failure   Level
a - Beastly Appendage     Tmut           54%        N/A       1%          1
b - Spider Form           Tmut/Pois      10%        N/A       6%          3
c - Ice Form              Ice/Tmut       19%        N/A       26%         4
d - Wereblood             Tmut           27%        N/A       1%          2

Your spell library contained the following spells:

 Spells                   Type           Power      Damage    Failure   Level
 Blade Hands              Tmut           13%        N/A       28%         5


Dungeon Overview and Level Annotations

Branches:
Dungeon (11/15)            Temple (1/1) D:5            Lair (0/6) D:10
  Sewer (visited)
    Orc: D:9-12

Altars:
Ashenzari
Cheibriados
Dithmenos
Elyvilon
Fedhas
Gozag
Hepliaklqana
Kikubaaqudgha
Makhleb
Nemelex Xobeh
Okawaru
Qazlal
Ru
Sif Muna
Trog
Vehumet
Wu Jian
Xom
Yredelemnul
Zin
The Shining One

Shops:
D:8 [

Annotations:
D:11 1 runed translucent door, bilbop's ghost, novice TrFi


Innate Abilities, Weirdness & Mutations

You have claws for feet.
You are partially covered in yellow scales. (AC +2)
You sometimes emit foul miasma when damaged in melee.
You sometimes gain power by taking damage.


Message History

The brown ugly thing trunk-slaps you.
You are splashed with acid!
You emit a cloud of foul miasma!
You take 15 damage, and have 37/86 hp.
The brown ugly thing is engulfed in dark miasma.
The brown ugly thing looks as sick as possible!
The brown ugly thing seems to slow down.
Items here: ) [[ †.
A komodo dragon comes into view.
The komodo dragon completely misses you.
You hit the komodo dragon.
The komodo dragon is lightly wounded.
The komodo dragon completely misses you.
The brown ugly thing trunk-slaps you.
You are splashed with acid!
You take 10 damage, and have 29/86 hp.
The brown ugly thing is no longer moving slowly.
You barely miss the komodo dragon.
The komodo dragon is lightly wounded.
Your transformation is almost over.
The komodo dragon bites you!!
* * * LOW HITPOINT WARNING * * *
You focus on the pain.
You feel your power returning.
You take 24 damage, and have 5/86 hp.
MASSIVE DAMAGE!!
MP restored: 17
Okay, then.
Okay, then.
You feel better. The komodo dragon closely misses you.
The brown ugly thing trunk-slaps you.
* * * LOW HITPOINT WARNING * * *
The acid corrodes you!
You are splashed with acid!
* * * LOW HITPOINT WARNING * * *
You emit a cloud of foul miasma!
You take 2 damage, and have 3/86 hp.
The brown ugly thing is engulfed in dark miasma.
The brown ugly thing looks even sicker.
Your transformation has ended.
The +1 robe "Qupsil" {Will++ Str-4 Dex+4} unmelds from your body.
Okay, then.
You fade into invisibility!
The komodo dragon bites you!!
You die...

#..####### #....+...#
#....#...# #....##..#
#....##..+ # #....#...#
#⌠ #....##@.#
.###'####)...##lu######
.........[#####........
+.......##...##........
....#.................
... #..........(......
. #..####+##........
#....#..# #........
#....#..# #........


You could see a brown ugly thing (very poisoned) and a komodo dragon.

Vanquished Creatures
  Harold (D:11)
  2 two-headed ogres (D:10)
  A manticore (D:11)
  Psyche (D:11)
  A troll (D:11)
  Sigmund (D:5)
  A vampire (D:9)
  A wyvern (D:6)
  Edmund (D:5)
  4 orc warriors
  A black bear (D:8)
  2 ogres
  A sky beast (D:8)
  5 centaurs
  A kobold brigand (Sewer)
  5 bullfrogs
  3 scorpions
  5 wights (D:7)
  8 killer bees
  2 howler monkeys
  3 electric eels (D:8)
  3 centaur zombies
  2 bullfrog zombies
  2 hounds
  A bullfrog skeleton (D:8)
  2 orc priests
  4 centaur skeletons
  2 jellies
  Terence (D:3)
  3 iguanas
  6 orc wizards
  7 worker ants
  A killer bee zombie (D:7)
  A hound zombie (D:8)
  A hound skeleton (D:7)
  A worker ant zombie (D:10)
  7 gnolls
  A river rat (Sewer)
  13 adders
  2 shadow imps
  An ufetubus (D:9)
  2 oozes
  An adder skeleton (D:5)
  2 worms
  2 dart slugs (D:1)
  5 leopard geckos
  20 orcs
  10 giant cockroaches
  9 hobgoblins
  16 jackals
  11 kobolds
  3 quokkas
  A ball python skeleton (D:5)
  7 bats
  4 frilled lizards
  2 goblins
  A leopard gecko zombie (D:6)
  An orc zombie (D:4)
  11 rats
219 creatures vanquished.

Vanquished Creatures (others)
  A hound (D:11)
1 creature vanquished.

Grand Total: 220 creatures vanquished

Notes
Turn   | Place    | Note
-------+----------+-------------------------------------------
     0 | D:1      | jasper the Demonspawn Transmuter began the quest for the
                  | Orb.
     0 | D:1      | Reached XP level 1. HP: 15/15 MP: 3/3
   558 | D:1      | Mutation became permanent: You have sharp toenails.
                  | [demonic ancestry]
   558 | D:1      | Gained mutation: You have razor-sharp toenails. [demonic
                  | ancestry]
   558 | D:1      | Reached XP level 2. HP: 10/21 MP: 3/5
  1732 | D:2      | Gained mutation: You have razor-sharp toenails. [demonic
                  | ancestry]
  1732 | D:2      | Reached XP level 3. HP: 13/26 MP: 6/6
  2029 | D:1      | Learned a level 3 spell: Spider Form
  2704 | D:2      | Reached skill level 1 in Poison Magic
  2770 | D:2      | Reached XP level 4. HP: 32/32 MP: 3/7
  4094 | D:3      | Found an opulent altar of Gozag.
  4095 | D:3      | Found a sparkling altar of Nemelex Xobeh.
  4193 | D:3      | Found a sacrificial altar of Ru.
  4198 | D:3      | Noticed Terence
  4213 | D:3      | Killed Terence
  5114 | D:4      | Found a radiant altar of Vehumet.
  5184 | D:4      | Gained mutation: You sometimes gain a little power by
                  | taking damage. [demonic ancestry]
  5184 | D:4      | Reached XP level 5. HP: 37/37 MP: 5/8
  5377 | D:4      | Identified the +1 robe "Qupsil" {Will++ Str-4 Dex+4}
  5879 | D:4      | Learned a level 4 spell: Ice Form
  6466 | D:5      | Entered Level 5 of the Dungeon
  6483 | D:5      | Found a staircase to the Ecumenical Temple.
  6500 | D:5      | Reached XP level 6. HP: 27/43 MP: 5/9
  6501 | Temple   | Entered the Ecumenical Temple
  6905 | Temple   | Became a worshipper of Makhleb the Destroyer
  7158 | D:5      | Reached skill level 5 in Transmutations
  7734 | D:5      | Gained mutation: You are partially covered in yellow
                  | scales. (AC +2) [demonic ancestry]
  7734 | D:5      | Reached XP level 7. HP: 33/48 MP: 9/11
  8128 | D:5      | Noticed Sigmund
  8141 | D:5      | Killed Sigmund
  8142 | D:5      | Reached skill level 3 in Unarmed Combat
  8142 | D:5      | Reached skill level 1 in Invocations
  8401 | D:5      | Noticed Edmund
  8419 | D:5      | Killed Edmund
  8629 | D:5      | Learned a level 2 spell: Wereblood
  8790 | D:6      | Noticed a wyvern
  8802 | D:6      | Killed a wyvern
  8803 | D:6      | Reached skill level 4 in Unarmed Combat
  8803 | D:6      | Gained mutation: You have claws for feet. [demonic
                  | ancestry]
  8803 | D:6      | Reached XP level 8. HP: 38/57 MP: 7/12
  8936 | D:6      | Reached * piety under Makhleb
  8973 | D:6      | Found a glowing drain.
  9087 | Sewer    | Entered a sewer
  9563 | D:6      | Reached skill level 5 in Unarmed Combat
  9798 | D:6      | Identified a scroll of acquirement
  9798 | D:6      | Acquired the ring "Doshre" {rElec rPois rC+ Slay+3}
  9859 | D:7      | Found a basalt altar of Yredelemnul.
  9941 | D:7      | Reached skill level 5 in Invocations
 10257 | D:7      | Gained mutation: You sometimes gain power by taking damage.
                  | [demonic ancestry]
 10257 | D:7      | Reached XP level 9. HP: 60/65 MP: 10/13
 10287 | D:7      | Reached ** piety under Makhleb
 10292 | D:7      | Reached skill level 6 in Unarmed Combat
 10635 | D:7      | Reached skill level 9 in Unarmed Combat
 10635 | D:7      | Gained mutation: You may rarely emit foul miasma when
                  | damaged in melee. [demonic ancestry]
 10635 | D:7      | Reached XP level 10. HP: 77/77 MP: 13/16
 11000 | D:7      | Found a broken altar of Ashenzari.
 11000 | D:7      | Found an ancient bone altar of Kikubaaqudgha.
 11759 | D:8      | Found Gatreilyakk's Antique Armour Shoppe.
 11969 | D:9      | Found a snail-covered altar of Cheibriados.
 12646 | D:9      | Found a bloodstained altar of Trog.
 12814 | D:10     | Entered Level 10 of the Dungeon
 13012 | D:10     | Noticed a two-headed ogre
 13030 | D:10     | Killed a two-headed ogre
 13597 | D:10     | Found a staircase to the Lair.
 13613 | D:10     | Reached *** piety under Makhleb
 14023 | D:10     | Noticed a two-headed ogre
 14030 | D:10     | Killed a two-headed ogre
 14031 | D:10     | Reached skill level 10 in Unarmed Combat
 14230 | D:11     | Found a runed translucent door.
 14236 | D:11     | Noticed bilbop's ghost (novice TrFi)
 14309 | D:11     | Gained mutation: You sometimes emit foul miasma when
                  | damaged in melee. [demonic ancestry]
 14309 | D:11     | Reached XP level 11. HP: 53/84 MP: 17/17
 14602 | D:11     | Noticed Harold
 14614 | D:11     | Killed Harold
 14615 | D:11     | Reached skill level 1 in Ice Magic
 15005 | D:11     | Noticed Psyche
 15043 | D:11     | Killed Psyche
 15228 | D:11     | Noticed a brown ugly thing
 15248 | D:11     | HP: 3/86 [acid (8)]
 15254 | D:11     | Demolished by a komodo dragon

Illustrated notes

Levels and vault maps discovered:
D:1:      dpeg_arrival_line_fractal, layout_basic
D:2:      layout_loops_corners, minmay_misc_feat_nine_boxes,
          minmay_misc_feat_square
D:3:      kennysheep_big_flooded_room, layout_basic,
          grunt_temple_overflow_opulence, hangedman_ru_absence, uniq_terence
D:4:      layout_layer_cave, nicolae_vehumet_altar_sigil, enter_ossuary_3,
          lemuel_flame_loot_1
D:5:      layout_basic, minmay_temple_entry_statues_fountains,
          sigmund_edmund_badplayer
D:6:      layout_rooms, gup_sewer_entry_glass
D:7:      layout_layer_cave, lemuel_crystal_altar,
          amethyst_overflow_temple_binary
D:8:      layout_basic, serial_shops, shop
D:9:      layout_small_grid, overflow_temple_1_default,
          nicolae_overflow_hidden_temple, lemuel_coloured_pillars_altar
D:10:     layout_irregular_city, lair_entry_dummy, minmay_liquid_box
D:11:     layout_gridville, minmay_orc_entry_temple_small,
          ebering_ghost_reflecting_pool, jmf_multi_god_temple, uniq_harold,
          uniq_psyche
Temple:   hc_temple_tempest_star

Skill      XL: |  1  2  3  4  5  6  7  8  9 10 11 |
---------------+----------------------------------+-----
Transmutations | 2 3 4 5 6 |  6.5
Poison Magic   | 1 2 3 |  3.0
Spellcasting   | 3 |  3.0
Dodging        | 2 4 6 7 |  7.2
Unarmed Combat | 4 5 9 10 | 10.0
Invocations    | 2 5 8 |  8.6
Fighting       | 2 3 6 7 8 |  8.1
Ice Magic      | 2 |  2.2

Action                   |  1- 3 |  4- 6 |  7- 9 | 10-12 || total
-------------------------+-------+-------+-------+-------++-------
Melee: Unarmed           |   125 |   151 |   231 |   240 ||   747
       Kick              |    16 |    17 |     6 |    50 ||    89
       Headbutt          |     8 |    11 |     1 |     3 ||    23
       Punch             |     1 |     1 |     1 |     8 ||    11
Throw: Stone             |       |       |     1 |     1 ||     2
 Cast: Beastly Appendage |    24 |    16 |     1 |     3 ||    44
       Spider Form       |     2 |    14 |    22 |     8 ||    46
       Wereblood         |       |       |     1 |     3 ||     4
       Ice Form          |       |       |       |     1 ||     1
 Abil: End Transformatio |       |       |       |     1 ||     1
Evoke: Wand              |       |       |     3 |    17 ||    20
  Use: Potion            |     1 |     1 |     1 |     4 ||     7
       Scroll            |       |     7 |     6 |     7 ||    20
 Stab: Sleeping          |     1 |     2 |     2 |     1 ||     6
       Confused          |       |       |     1 |       ||     1
       Petrified         |       |       |       |     2 ||     2
Armor: Robe              |    22 |     9 |     5 |    45 ||    81
       Skin              |       |     4 |    33 |    14 ||    51
Dodge: Dodged            |    91 |    82 |   205 |   202 ||   580

Table legend: (Time is in decaauts)
 A = Elapsed time spent in this place.
 B = Non-inter-level travel time spent in this place.
 C = Inter-level travel time spent in this place.
 D = Time resting spent in this place.
 E = Time spent auto-exploring this place.
 F = Levels seen in this place.
 G = Mean time per level.
                   A        B        C        D        E       F      G
               +--------+--------+--------+--------+--------+-----+--------+
         Total |  15214 |  14633 |    581 |   2868 |   9491 |  13 | 1170.3 |
       Dungeon |  14612 |  14090 |    522 |   2868 |   9030 |  11 | 1328.4 |
        Temple |    421 |    362 |     59 |      0 |    348 |   1 |  421.0 |
         Sewer |    180 |    180 |      0 |      0 |    113 |   1 |  180.0 |
               +--------+--------+--------+--------+--------+-----+--------+

Top non-repeatable levels by time:
     D:1: 1939 daAuts
     D:5: 1921 daAuts
     D:2: 1878 daAuts
     D:7: 1477 daAuts
     D:4: 1461 daAuts
     D:3: 1329 daAuts
    D:10: 1227 daAuts
    D:11: 1029 daAuts
     D:8: 935 daAuts
     D:6: 886 daAuts
     D:9: 525 daAuts
  Temple: 421 daAuts
   Sewer: 180 daAuts
